Map: Dusk Towers

Players

Miszu

  • Race: Protoss Protoss
  • League: Master

BamBam - Winner!

  • Race: Zerg Zerg
  • League: Master

VOD

Have the link to the VOD?

Description

Time

  • Played on: June 28, 2016, 12:35 p.m.
  • Length: 33:08
Show
View Real Time Build Order
Export as new Build Order

Miszu Protoss 

Build Orders: 1 Gate Expand 

Get SALT Encoding   

  12  0:01  Probe (Chrono Boost)  
  13  0:11  Probe (Chrono Boost)  
  14  0:18  Pylon  
  14  0:22  Probe (Chrono Boost)  
  15  0:36  Probe (Chrono Boost)  
  15  0:37  Gateway  
  16  0:47  Probe (Chrono Boost)  
  17  0:56  Assimilator  
  17  1:13  Nexus  
  17  1:16  Probe (Chrono Boost)  
  18  1:26  Probe (Chrono Boost)  
  18  1:30  Cybernetics Core  
  19  1:39  Pylon  
  19  1:41  Probe (Chrono Boost)  
  20  1:47  Assimilator  
  20  1:51  Probe (Chrono Boost)  
  21  2:02  Probe (Chrono Boost)  
  22  2:11  Adept (Chrono Boost), Warp Gate (Chrono Boost)  
  24  2:17  Mothership Core  
  26  2:23  Probe  
  27  2:34  Probe  
  27  2:35  Adept (Chrono Boost)  
  30  2:39  Probe  
  31  2:47  Gateway, Probe  
  31  2:49  Gateway  
  32  2:52  Probe  
  32  2:58  Probe  
  33  3:04  Adept (Chrono Boost), Probe  
  37  3:08  Probe  
  38  3:20  Probe  
  38  3:21  Probe  
  40  3:29  Stargate  
  40  3:30  Stargate  
  40  3:31  Probe  
  40  3:33  Probe  
  42  3:42  Probe  
  42  3:45  Probe  
  44  3:48  Assimilator  
  44  3:49  Assimilator  
  44  3:50  Pylon  
  44  3:52  Probe  
  45  3:57  Probe  
  45  4:00  Pylon  
  46  4:07  Probe  
  48  4:10  Probe  
  48  4:14  Phoenix x2 (Chrono Boost)  
  52  4:19  Probe  
  52  4:21  Pylon  
  52  4:22  Probe  
  54  4:32  Probe  
  54  4:34  Probe  
  54  4:36  Phoenix x2 (Chrono Boost)  
  60  4:44  Probe  
  61  4:51  Probe  
  62  4:57  Pylon  
  62  4:58  Phoenix x2 (Chrono Boost)  
  66  5:08  Nexus  
  66  5:10  Probe x2  
  68  5:20  Phoenix x2 (Chrono Boost)  
  72  5:22  Probe  
  72  5:23  Pylon  
  72  5:25  Probe  
  74  5:34  Probe  
  75  5:41  Phoenix x2 (Chrono Boost)  
  75  5:42  Sentry x2  
  83  5:54  Probe  
  83  5:55  Probe  
  84  6:06  Adept  
  84  6:10  Pylon  
  86  6:13  Robotics Facility  
  86  6:15  Robotics Facility, Pylon  
  86  6:18  Pylon  
  86  6:19  Probe  
  87  6:31  Adept x3  
  83  6:40  Pylon  
  83  6:43  Pylon  
  79  6:55  Adept x3  
  79  7:01  Probe  
  80  7:02  Probe x2  
  80  7:04  Immortal x2  
  90  7:10  Forge  
  90  7:11  Twilight Council, Probe  
  90  7:16  Adept x3  
  90  7:20  Probe  
  90  7:21  Probe  
  90  7:22  Probe  
  95  7:32  Probe  
  95  7:33  Protoss Ground Weapons Level 1, Probe x2  
  98  7:44  Immortal (Chrono Boost), Pylon  
  98  7:45  Immortal (Chrono Boost), Probe  
  107  7:53  Probe  
  107  7:55  Probe  
  107  7:56  Adept  
  107  7:57  Sentry x2  
  113  8:18  Probe  
  113  8:19  Probe x2  
  116  8:25  Gateway  
  116  8:26  Charge  
  116  8:27  Gateway  
  116  8:29  Gateway  
  116  8:31  Assimilator, Probe  
  116  8:32  Assimilator  
  120  8:34  Observer (Chrono Boost), Warp Prism (Chrono Boost)  
  120  8:39  Stalker x3  
  126  8:44  Gateway x2, Probe x2  
  126  8:47  Gateway  
  126  9:02  Gateway  
  126  9:03  Gateway  
  126  9:04  Gateway  
  126  9:06  Stalker  
  126  9:07  Stalker x2  
  132  9:16  Protoss Ground Weapons Level 2  
  132  9:23  Templar Archives  
  132  9:25  Gateway x2  
  132  9:27  Immortal (Chrono Boost)  
  136  9:41  Warp Prism (Chrono Boost)  
  136  9:44  Zealot x2  
  142  9:51  Adept  
  142  9:52  Adept x2  
  148  9:56  Pylon  
  148  10:00  Pylon  
  148  10:10  Psionic Storm  
  148  10:14  Adept  
  148  10:15  Immortal (Chrono Boost)  
  152  10:23  High Templar x4  
  152  10:24  Zealot  
  152  10:25  Zealot  
  164  10:30  Archon x2  
  164  10:36  Pylon x2  
  164  10:38  Pylon  
  164  10:39  Pylon  
  164  10:42  Pylon  
  164  10:44  Pylon  
  164  10:54  Zealot x2  
  164  10:55  Zealot x6  
  164  10:56  High Templar x2  
  184  10:57  High Templar  
  184  10:59  High Templar  
  184  11:00  Zealot  
  190  11:04  Archon x2  
  190  11:21  Observer x2 (Chrono Boost)  
  192  11:27  Nexus  
  188  11:37  High Templar x2  
  188  11:38  Zealot x3  
  188  11:39  Zealot x3  
  199  11:40  Observer (Chrono Boost)  
  173  12:04  Archon  
  100  12:23  Stalker  
  100  12:24  Stalker x6  
  100  12:25  Zealot x3  
  100  12:26  Zealot x3  
  125  12:31  Fleet Beacon  
  129  12:44  Stargate  
  129  12:45  Immortal (Chrono Boost)  
  129  12:46  Nexus  
  129  12:47  High Templar x3  
  135  13:04  Pylon  
  135  13:06  High Templar x2  
  135  13:07  Assimilator  
  135  13:12  Assimilator  
  139  13:21  Tempest (Chrono Boost)  
  147  13:34  Tempest (Chrono Boost)  
  143  13:54  Tempest (Chrono Boost)  
  143  13:59  Tempest (Chrono Boost)  
  151  14:31  Nexus  
  151  14:32  Pylon  
  151  14:33  Tempest (Chrono Boost)  
  128  15:00  High Templar x5  
  128  15:01  Zealot x5  
  128  15:02  Zealot x2  
  112  15:28  High Templar  
  112  15:29  High Templar  
  112  15:32  Assimilator  
  112  15:35  Assimilator  
  120  15:36  Photon Cannon  
  120  15:37  Probe  
  120  15:38  Photon Cannon, Probe x3  
  120  15:40  Tempest (Chrono Boost)  
  120  15:41  Photon Cannon  
  124  15:44  Protoss Ground Weapons Level 3  
  124  15:50  Probe x3  
  124  15:52  Pylon  
  124  15:54  Dark Shrine, Pylon  
  124  15:56  Zealot x3  
  133  16:09  Protoss Air Weapons Level 1  
  133  16:11  Zealot  
  129  16:27  High Templar  
  129  16:28  High Templar x2  
  129  16:30  High Templar  
  129  16:32  Archon  
  137  16:34  Archon  
  137  16:36  Mothership Core  
  139  16:41  Pylon  
  139  16:43  Pylon  
  139  16:46  Immortal  
  139  16:50  Immortal  
  134  17:15  Void Ray (Chrono Boost)  
  134  17:16  Photon Cannon  
  134  17:17  Photon Cannon  
  134  17:18  Probe  
  134  17:19  Probe x2  
  134  17:20  Probe x2  
  134  17:21  Void Ray (Chrono Boost)  
  139  17:29  Probe  
  138  17:34  Probe x3  
  142  17:37  Probe  
  142  17:41  High Templar x2  
  147  17:47  Archon, Probe x2  
  147  17:48  Probe x3  
  152  18:00  Probe  
  157  18:06  Void Ray (Chrono Boost)  
  153  18:21  High Templar  
  153  18:26  High Templar, Void Ray (Chrono Boost)  
  165  18:31  Void Ray (Chrono Boost)  
  165  18:32  Zealot x2  
  165  18:34  Zealot  
  171  18:35  High Templar  
  171  18:39  Archon  
  173  18:42  Probe  
  173  18:43  Probe  
  175  18:51  High Templar  
  175  18:53  High Templar, Zealot  
  175  18:54  Zealot x2  
  185  18:57  Archon  
  185  19:02  Dark Templar  
  187  19:11  Dark Templar  
  181  19:27  Void Ray (Chrono Boost)  
  181  19:30  Void Ray (Chrono Boost)  
  188  19:44  Dark Templar  
  190  19:53  High Templar x2  
  190  19:58  Archon  
  192  20:12  High Templar x2  
  190  20:17  Archon  
  189  20:26  Protoss Ground Armor Level 1  
  187  20:29  Pylon  
  187  20:30  Nexus, Assimilator  
  193  20:35  Assimilator  
  120  21:26  Dark Templar x3  
  120  21:27  Dark Templar  
  120  21:28  Zealot  
  120  21:30  Zealot  
  120  21:31  Zealot  
  131  21:33  Zealot  
  116  22:07  Nexus  
  116  22:08  Pylon  
  116  22:11  Probe  
  116  22:12  Probe x2  
  119  22:16  Nexus  
  119  22:22  Probe  
  119  22:24  Probe x2  
  122  22:31  Assimilator  
  122  22:32  Probe  
  122  22:36  Probe x2  
  125  22:43  Probe  
  125  22:48  Probe  
  125  22:49  Probe  
  128  22:53  Probe  
  129  23:00  Probe  
  129  23:01  Probe  
  129  23:04  Probe  
  132  23:13  Probe x2  
  132  23:14  Probe  
  133  23:21  Probe  
  133  23:25  Probe x2  
  136  23:32  Probe  
  137  23:35  Probe  
  137  23:37  Probe  
  139  23:43  Probe  
  139  23:44  Assimilator x2  
  139  23:46  Probe  
  141  23:49  Probe  
  141  23:54  Probe  
  142  23:57  Probe  
  142  24:01  Probe  
  145  24:04  Probe  
  145  24:07  Probe  
  147  24:13  Templar Archives, Probe  
  148  24:18  Pylon  
  116  25:05  Probe x2  
  116  25:07  Probe  
  117  25:12  High Templar x4  
  117  25:13  High Templar x2, Nexus  
  131  25:16  Archon x2, Probe x2  
  131  25:17  Archon  
  131  25:19  Probe  
  134  25:26  Probe x2  
  136  25:31  Probe  
  137  25:37  Probe x2  
  135  25:43  Probe  
  135  25:47  Probe  
  135  25:48  Probe  
  138  25:52  High Templar, Pylon  
  138  25:55  Probe  
  141  25:57  High Templar  
  141  26:02  Probe  
  123  26:34  Probe  
  123  26:36  Probe  
  129  26:46  High Templar  
  127  26:49  Fleet Beacon  
  127  26:51  Probe x2  
  127  26:53  Probe  
  130  26:55  Photon Cannon, Assimilator  
  130  26:56  Photon Cannon  
  130  26:57  Assimilator  
  130  26:59  Pylon  
  130  27:02  Probe x2  
  130  27:05  Probe  
  130  27:06  Probe  
  133  27:12  Probe x2  
  135  27:16  Photon Cannon  
  135  27:17  Probe x2  
  137  27:23  Probe x2  
  137  27:27  Probe, Assimilator  
  137  27:29  Probe  
  141  27:38  Tempest x2 (Chrono Boost)  
  149  27:47  High Templar  
  96  28:14  Probe x2  
  96  28:15  Probe x2  
  100  28:20  High Templar x3  
  100  28:25  Probe x2  
  108  28:27  Probe  
  108  28:28  Probe  
  110  28:36  Photon Cannon  
  110  28:37  Photon Cannon x2  
  110  28:39  Probe  
  111  28:47  Zealot x6  
  111  28:48  Zealot x4  
  98  29:05  High Templar x2  
  102  29:17  High Templar  
  102  29:18  Zealot  
  102  29:19  Zealot  
  97  29:35  Pylon  
  97  29:42  Archon x2  
  97  29:48  Archon  
  97  30:07  Gateway  
  97  30:09  Gateway, Tempest (Chrono Boost)  
  101  30:16  High Templar x2  
  101  30:20  Archon  
  105  30:34  Assimilator  
  105  30:35  Zealot  
  105  30:37  Pylon  
  105  30:41  Pylon  
  106  30:43  Nexus  
  106  30:57  Pylon  
  106  30:59  Tempest (Chrono Boost)  
  110  31:05  High Templar  
  110  31:11  Nexus  
  112  31:14  High Templar  
  112  31:18  Archon  
  114  31:27  Probe  
  114  31:28  Probe  
  116  31:35  Zealot  
  116  31:37  Probe  
  119  31:40  Probe  
  120  31:48  Probe  
  120  31:49  Pylon  
  121  31:54  High Templar  
  121  31:55  Zealot x3  
  121  31:58  Nexus  
  129  32:09  Pylon  
  128  32:29  Zealot  
  128  32:30  Zealot x4  
  128  32:35  High Templar  
  128  32:36  High Templar  
  92  32:59  Archon  
Show
View Real Time Build Order
Export as new Build Order

BamBam Zerg - Winner!

Build Orders: 3 Hatch before Pool, Lurkers 

Get SALT Encoding   

  12  0:00  Drone  
  13  0:08  Drone  
  14  0:18  Extractor, Drone  
  14  0:19  Extractor  
  13  0:22  Drone  
  13  0:28  Overlord  
  16  0:53  Hatchery  
  16  0:56  Drone  
  16  1:00  Drone  
  17  1:04  Drone  
  18  1:12  Drone  
  19  1:29  Hatchery  
  18  1:33  Drone  
  19  1:45  Spawning Pool  
  18  1:47  Drone  
  18  1:51  Drone  
  18  1:54  Drone  
  21  2:02  Drone  
  21  2:08  Drone  
  23  2:14  Drone  
  24  2:17  Drone  
  26  2:22  Drone  
  26  2:27  Overlord  
  26  2:34  Extractor  
  26  2:35  Extractor, Queen x2  
  30  2:44  Zergling x8  
  33  2:46  Queen  
  36  2:54  Drone  
  36  2:55  Drone x2  
  39  3:00  Overlord  
  39  3:10  Drone x3  
  42  3:20  Overlord  
  42  3:25  Extractor  
  42  3:26  Drone x3  
  44  3:27  Extractor  
  44  3:30  Queen  
  44  3:31  Drone x2  
  47  3:49  Drone x2  
  47  3:50  Drone  
  47  3:53  Drone x3  
  47  3:54  Drone x2  
  47  3:55  Overlord x2  
  55  4:03  Drone x3  
  58  4:13  Metabolic Boost  
  58  4:16  Extractor  
  57  4:17  Roach Warren  
  57  4:18  Drone x5  
  57  4:19  Drone x4  
  57  4:20  Extractor  
  64  4:26  Spore Crawler  
  64  4:27  Spore Crawler  
  64  4:28  Spore Crawler  
  61  4:38  Spore Crawler  
  60  4:42  Spore Crawler  
  59  4:49  Overlord, Drone  
  59  4:50  Drone x7  
  59  4:51  Drone  
  68  4:56  Overlord x3  
  68  5:00  Lair  
  68  5:14  Spore Crawler  
  68  5:17  Zergling x12  
  68  5:18  Zergling x2  
  74  5:26  Zergling x8  
  74  5:27  Zergling x6  
  81  5:34  Spore Crawler  
  80  5:45  Drone x2  
  80  5:47  Overlord  
  80  5:48  Overlord  
  82  5:56  Evolution Chamber  
  81  5:57  Evolution Chamber  
  77  6:06  Zergling x22  
  87  6:15  Hydralisk Den, Overseer  
  87  6:18  Drone x3  
  85  6:32  Zergling x12  
  83  6:33  Zergling x4  
  83  6:37  Zerg Missile Weapons Level 1, Zerg Melee Weapons Level 1  
  85  6:41  Drone x3  
  82  6:54  Drone x6  
  82  7:00  Hatchery  
  79  7:05  Muscular Augments  
  77  7:12  Overlord x2, Extractor  
  77  7:13  Extractor  
  72  7:16  Drone x3  
  72  7:17  Drone  
  72  7:18  Drone x2  
  72  7:21  Hydralisk x3  
  72  7:22  Infestation Pit  
  78  7:24  Queen  
  78  7:25  Queen  
  78  7:29  Overlord x2  
  80  7:31  Hydralisk  
  80  7:32  Hydralisk x2  
  86  7:39  Hydralisk x2  
  90  7:47  Hydralisk x3  
  92  8:04  Drone  
  92  8:05  Drone x4  
  91  8:06  Drone  
  93  8:17  Hydralisk x3  
  93  8:18  Hydralisk x3  
  101  8:24  Drone  
  101  8:25  Drone x3  
  101  8:26  Drone  
  106  8:27  Lurker Den  
  106  8:36  Hive  
  106  8:39  Zerg Missile Weapons Level 2  
  106  8:40  Zerg Ground Armor Level 1  
  106  8:43  Hydralisk x6  
  106  8:47  Hydralisk  
  120  8:53  Overlord x4  
  120  9:19  Overlord x2  
  120  9:36  Overlord  
  120  9:37  Overlord x2  
  120  9:43  Hydralisk x8  
  135  9:50  Extractor x2, Viper x3  
  135  9:51  Viper  
  145  9:53  Lurker  
  145  9:54  Lurker  
  145  9:55  Lurker  
  145  9:56  Drone x3  
  145  9:57  Drone x5  
  145  9:58  Drone x4  
  160  10:05  Lurker  
  161  10:07  Lurker  
  162  10:31  Zergling x2  
  162  10:32  Zergling x26  
  162  10:33  Adrenal Glands  
  162  10:35  Zerg Melee Weapons Level 2  
  176  10:38  Overseer  
  176  10:41  Lurker x2  
  178  11:02  Hydralisk x2  
  178  11:03  Hydralisk x5  
  192  11:05  Overlord x3  
  192  11:21  Spire  
  183  11:45  Lurker x2  
  125  12:23  Hydralisk  
  125  12:24  Hydralisk x17, Drone  
  125  12:25  Hydralisk x11  
  125  12:28  Lurker  
  179  12:45  Lurker x4  
  179  12:48  Hatchery  
  182  12:56  Hatchery  
  182  12:58  Zergling x24  
  185  13:03  Zerg Ground Armor Level 2  
  185  13:04  Zerg Melee Weapons Level 3  
  185  13:05  Spore Crawler  
  192  13:06  Zergling x2, Spine Crawler  
  192  13:07  Zergling x16  
  200  13:49  Greater Spire  
  200  13:59  Spine Crawler x3  
  197  14:06  Lurker x3  
  203  14:17  Pneumatized Carapace  
  158  14:54  Viper x4  
  109  15:22  Corruptor x5  
  109  15:23  Corruptor x6  
  119  15:33  Drone x3  
  119  15:34  Drone x3  
  125  15:36  Zergling x2  
  125  15:37  Zergling x38  
  145  15:43  Zerg Ground Armor Level 3  
  145  15:45  Zerg Flyer Weapons Level 1  
  145  15:49  Spire  
  144  15:59  Zergling x2  
  144  16:00  Zergling x26  
  158  16:12  Corruptor  
  158  16:13  Corruptor x6  
  158  16:16  Extractor  
  166  16:20  Extractor  
  165  16:43  Spore Crawler, Spine Crawler  
  165  16:45  Spine Crawler  
  162  16:53  Brood Lord  
  162  16:54  Brood Lord x6  
  160  17:12  Corruptor x4  
  160  17:15  Zergling x12  
  165  17:16  Zergling x30  
  183  17:31  Zerg Flyer Armor Level 1  
  183  17:40  Corruptor x3  
  183  17:41  Corruptor  
  191  17:57  Corruptor x2  
  194  18:01  Spine Crawler  
  194  18:02  Spore Crawler, Spine Crawler  
  191  18:19  Drone  
  192  18:20  Drone x7  
  199  18:32  Zerg Flyer Weapons Level 2  
  199  18:43  Extractor  
  199  18:48  Extractor  
  197  18:49  Overseer x3  
  197  18:51  Hatchery  
  196  18:57  Corruptor x2  
  199  19:06  Spine Crawler  
  199  19:09  Spine Crawler  
  196  19:43  Spine Crawler  
  196  19:44  Extractor  
  194  19:47  Overseer x3  
  194  19:56  Corruptor x3  
  200  20:18  Overseer  
  199  20:40  Zerg Flyer Armor Level 2  
  162  21:18  Corruptor  
  141  21:31  Viper x5  
  144  21:45  Brood Lord  
  144  21:46  Brood Lord x4  
  145  21:48  Corruptor x4  
  145  21:49  Extractor, Corruptor  
  145  21:53  Extractor, Drone x2  
  145  21:54  Drone x4  
  155  22:02  Zergling x28  
  155  22:03  Zergling x12  
  175  22:12  Corruptor x3  
  179  22:24  Overseer  
  179  22:25  Overseer x2  
  178  22:36  Drone x3  
  181  22:40  Spore Crawler x2  
  181  22:41  Corruptor, Spore Crawler, Spine Crawler  
  181  22:42  Corruptor x3  
  185  22:53  Corruptor x2  
  186  23:07  Hatchery  
  186  23:10  Corruptor  
  186  23:11  Corruptor x2  
  186  23:15  Hatchery  
  173  23:27  Zergling x2  
  173  23:28  Zergling x40  
  194  24:00  Overlord x4  
  150  25:06  Ultralisk Cavern  
  149  25:08  Drone x3  
  149  25:10  Drone x3  
  149  25:14  Drone x3  
  158  25:15  Drone  
  158  25:16  Drone x2  
  155  25:49  Drone x2  
  158  25:50  Drone  
  158  25:51  Drone x3  
  144  26:33  Ultralisk  
  144  26:34  Ultralisk x8  
  144  26:39  Zerg Flyer Weapons Level 3  
  196  26:40  Chitinous Plating  
  196  26:43  Drone x2  
  196  26:44  Drone  
  196  26:45  Extractor  
  196  26:46  Drone x2  
  196  26:47  Extractor  
  199  26:49  Extractor x2  
  195  27:06  Overseer  
  195  27:07  Overseer x2  
  194  27:18  Drone x3  
  197  27:24  Spore Crawler  
  197  27:25  Spine Crawler  
  197  27:26  Drone x3, Spine Crawler x2  
  196  27:41  Drone x2  
  196  27:43  Spore Crawler  
  197  27:44  Spine Crawler  
  136  28:16  Zergling x24  
  136  28:17  Zergling x36  
  139  29:03  Corruptor x5  
  139  29:04  Corruptor x3  
  142  29:25  Corruptor x4  
  147  29:43  Corruptor x11  
  147  29:44  Corruptor  
  168  29:46  Drone x2  
  168  29:47  Drone  
  168  29:52  Zergling x2  
  166  29:53  Zergling x30  
  185  30:00  Brood Lord x7  
  176  31:28  Ultralisk x4  
  200  31:35  Hatchery  
  200  31:39  Extractor x2  
  192  32:41  Overlord x4  
Tags
 
Add a new tag
Caveats
  • Supply blocks, unpowered buildings, or Contaminate may cause inaccurate times.
  • Supply counts are checked every 10 seconds.